 Dungeon Crawl Stone Soup version 0.31-b1-12-gca42e3d1b8 (webtiles) character file.

Game seed: 10625726969855713844

107803 Arctor the Grappler (level 16, -5/126 HPs)
             Began as a Gnoll Shapeshifter on Jan 15, 2024.
             Was an Elder of Makhleb.
             Succumbed to a redback's poison
             ... on level 1 of the Spider Nest.
             The game lasted 01:46:02 (23126 turns).

Arctor the Grappler (Gnoll Shapeshifter)           Turns: 23126, Time: 01:46:03

Health: -5/126     AC: 20    Str: 23      XL:     16   Next: 47%
Magic:  4/40       EV: 13    Int:  7 (9)  God:    Makhleb [****..]
Gold:   63         SH:  8    Dex: 11 (14) Spells: 8/37 levels left

rFire   x . .        t - +10 arbalest of Sacviant {elec, ^Drain +Blink rCorr Dex-5}
rCold   . . .        (shield currently unavailable)
rNeg    . . .        J - +2 chain mail of Too Many Cooks {Will+ Str+5}
rPois   .            b - +0 hat
rElec   .            m - +2 cloak {Stlth+}
rCorr   +            I - +1 pair of gloves {Dex+3}
SInv    .            (no boots)
Will    +++..        e - brooch of Shielding {Spirit SH+8}
Stlth   +++          a - ring of resist corrosion
HPRegen 1.21/turn    C - ring of magical power
MPRegen 0.27/turn

%: guardian spirit
@: lethally poisoned (-5 -> -20), enlightened, flying, slowed, very slow
A: fangs 1, strong nose, distributed training, regeneration 1, heat
vulnerability 1, subdued magic 1, MP-powered wands
a: Renounce Religion, Evoke Blink, Minor Destruction, Lesser Servant of Makhleb,
Major Destruction


You were on level 1 of the Spider Nest.
You worshipped Makhleb.
Makhleb was greatly pleased with you.
You visited 7 branches of the dungeon, and saw 24 of its levels.
You also visited: Ice Cave.

You collected 1603 gold pieces.
You spent 1540 gold pieces at shops.

Inventory:

Hand Weapons
 h - the +2 falchion "Spiderslayer" {holy, *Rage rC+ rN+}
   (You found it on level 3 of the Lair of Beasts)

   rC+:       It protects you from cold.
   rN+:       It protects you from negative energy.
   *Rage:     It berserks you when you make melee attacks (+20% chance).
 t - the +10 arbalest of Sacviant (weapon) {elec, ^Drain +Blink rCorr Dex-5}
   (You found it on level 5 of the Dungeon)

   Dex-5:     It affects your dexterity (-5).
   +Blink:    It lets you blink.
   rCorr:     It protects you from acid and corrosion.
   ^Drain:    It drains your maximum health when unequipped.
Missiles
 r - 13 javelins
 s - 27 boomerangs
 x - 2 throwing nets
 Q - 10 atropa-tipped darts
 T - 7 poisoned darts
Armour
 b - a +0 hat (worn)
 m - a +2 cloak of stealth (worn)
 z - a +1 plate armour of cold resistance
 E - a +4 chain mail
 I - a +1 pair of gloves of dexterity (worn)
 J - the +2 chain mail of Too Many Cooks (worn) {Will+ Str+5}
   (You found it on level 10 of the Dungeon)

   Str+5:     It affects your strength (+5).
   Will+:     It increases your willpower.
Magical Staves
 i - a staff of death
Jewellery
 a - a ring of resist corrosion (left hand)
 e - the brooch of Shielding (around neck) {Spirit SH+8}
   (You acquired it on level 3 of the Dungeon)

   [amulet of guardian spirit]

   Spirit:    It causes incoming damage to be divided between your reserves of
   health and magic.
   SH+8:      It affects your SH (+8).
 f - a ring of poison resistance
 j - a +6 ring of dexterity
 B - a ring of protection from fire
 C - a ring of magical power (right hand)
 K - a ring of fire
 L - a ring of fire
 M - a ring of ice
 N - an amulet of the acrobat
 W - a ring of magical power
Talismans
 c - a beast talisman
 d - a flux talisman
Wands
 n - a wand of flame (21)
 w - a wand of digging (11)
 G - a wand of paralysis (9)
 H - a wand of iceblast (7)
Scrolls
 k - 15 scrolls of identify
 l - a scroll of enchant weapon
 u - 4 scrolls of brand weapon
 v - a scroll of silence
 y - a scroll of vulnerability
 F - a scroll of immolation
 P - a scroll of torment
 U - a scroll of fog
 V - 2 scrolls of amnesia
 X - 3 scrolls of poison
 Y - 2 scrolls of revelation
Potions
 g - 2 potions of attraction
 o - a potion of mutation
 q - 2 potions of brilliance
 A - 4 potions of enlightenment
 R - a potion of lignification
Miscellaneous
 p - a phial of floods (inert)
 D - a tin of tremorstones (2/2)
 O - a phantom mirror (inert)
 S - a lightning rod (1/4)


   Skills:
 + Level 11.6 Fighting
 + Level 11.3 Short Blades
 + Level 11.3 Long Blades
 + Level 11.3 Axes
 + Level 11.3 Maces & Flails
 + Level 11.3 Polearms
 + Level 11.3 Staves
 + Level 11.3 Ranged Weapons
 + Level 11.3 Throwing
 + Level 11.3 Armour
 + Level 12.2 Dodging
 + Level 11.3 Stealth
 + Level 11.3 Shields
 + Level 13.0 Unarmed Combat
 + Level 11.3 Spellcasting
 + Level 9.5 Conjurations
 + Level 9.5 Hexes
 + Level 9.5 Summonings
 + Level 9.5 Necromancy
 + Level 9.5 Translocations
 + Level 9.5 Fire Magic
 + Level 9.5 Ice Magic
 + Level 9.5 Air Magic
 + Level 9.5 Earth Magic
 + Level 9.5 Alchemy
 + Level 12.3 Invocations
 + Level 11.3 Evocations
 + Level 12.2 Shapeshifting


You had 8 spell levels left.
You knew the following spells:

 Your Spells              Type           Power      Damage    Failure   Level
a - Fugue of the Fallen   Necr           13%        N/A       2%          3
b - Summon Small Mammal   Summ           52%        N/A       1%          1
c - Anguish               Hex/Necr       6%         N/A       10%         4
d - Ensorcelled Hibernat  Hex/Ice        26%        N/A       1%          2
e - Martyr's Knell        Necr/Summ      13%        N/A       10%         4
f - Animate Dead          Necr           13%        N/A       10%         4
g - Necrotise             Necr           52%        1d6       1%          1
h - Curse of Agony        Necr           13%        N/A       30%         5
i - Borgnjor's Vile Clut  Necr/Erth      6%         N/A       30%         5

Your spell library contained the following spells:

 Spells                   Type           Power      Damage    Failure   Level
 Apportation              Tloc           26%        N/A       1%          1
 Vampiric Draining        Necr           13%        2d6       2%          3
 Conjure Ball Lightning   Conj/Air       6%         3x3d6     86%         6
 Death Channel            Necr           6%         N/A       86%         6
 Haunt                    Necr/Summ      6%         N/A       100%        7
 Borgnjor's Revivificati  Necr           6%         N/A       100%        8
 Discord                  Hex            6%         N/A       100%        8
 Disjunction              Tloc           6%         N/A       100%        8
 Death's Door             Necr           6%         N/A       100%        9


Dungeon Overview and Level Annotations

Branches:
Dungeon (12/15)            Temple (1/1) D:4            Lair (5/5) D:8
 Shoals (3/4) Lair:3       Spider (1/4) Lair:2        Slime (1/5) Lair:4
    Orc (1/2) D:12          IceCv (visited)

Altars:
Ashenzari
Cheibriados
Elyvilon
Gozag
Hepliaklqana
Kikubaaqudgha
Makhleb
Nemelex Xobeh
Okawaru
Qazlal
Ru
Sif Muna
Trog
Uskayaw
Vehumet
Wu Jian
Xom
Yredelemnul
Zin
The Shining One
Jiyva

Shops:
D:6 (=   D:10 *   Shoals:1 !   Shoals:2 [

Annotations:
Shoals:3 Polyphemus


Innate Abilities, Weirdness & Mutations

You have very sharp teeth.
Your uncanny sense of smell can sniff out nearby items.
Your experience applies equally to all skills.
Your natural rate of healing is unusually fast.
You are vulnerable to heat. (rF-)
Your spells are a little easier to cast, but a little less powerful.
You expend magic power (3 MP) to strengthen your wands.


Message History

* * * LOW HITPOINT WARNING * * *
You feel extremely sick. The redback closely misses you.
The redback bites you but does no damage.
The jumping spider leaps!
The culicivora chitters at the redback.
The redback's wounds heal themselves!
The redback misses you.
The redback bites you but does no damage.
Your orange demon barely misses the redback.
The jumping spider leaps!
The culicivora misses you.
Okay, then.
Okay, then.
Okay, then.
Okay, then.
Aiming: Thunderbolt
Press: ? - help, Shift-Dir - straight line, f/p - redback
Aim: a redback (purple smoke, ally target)
Okay, then.
Okay, then.
You feel very buoyant.
You fly up into the air.
* * * LOW HITPOINT WARNING * * *
You feel extremely sick.
The redback misses you. x2; The culicivora bites you!
* * * LOW HITPOINT WARNING * * *
The culicivora draws strength from your injuries!
You block the redback's attack. The redback closely misses you.
The jumping spider pounces on you but does no damage.
The jumping spider bites you but does no damage.
The culicivora bites you but does no damage.
Your tarantella zombie barely misses the culicivora.
Your orange demon closely misses the redback.
The redback bites you but does no damage.
Your hellwing closely misses the culicivora. x2
Unknown command.
Unknown command.
You feel extremely strange.
You regain control of your magic.
You feel more energetic.
You feel clever.
You feel vulnerable to heat.
Your connection to magic feels subdued.
You die...

##....#.......
#.#..#.......^. ..^#
#.###.>.........#...#
#.# ....#.....##....#
.# ##...#..^.(#....#
## #^.........#....#
.### #....###...#..#.#
...# ##....#...§§s..##
..######.......§@s§..#
..#..###.......§ss4..#
~~#.°.#^........4Z...#
~~.........).#.s..w..#
#..s.........#.......#
...#.......###.......#
.......##..[........##
...#...........#....##
.#......^.^.#^...##..#


You could see a torpor snail, a culicivora, 2 jumping spiders, 2 redbacks, a
friendly orange demon (summoned, slow), a friendly hellwing (summoned, slow) and
a friendly tarantella zombie (slow).

Vanquished Creatures
  Jorgrun (D:12)
  3 acid blobs
  Kirke (Spider:1)
  2 azure jellies
  The ghost of occam the Nimble, a journeyman MfGl of Uskayaw (Lair:3)
  The ghost of NebNova the Cleaver, a journeyman HOFi of Cheibriados (Lair:2)
  A great orb of eyes (Slime:1)
  A centaur warrior (Shoals:2)
  An ice dragon (Lair:5)
  Erolcha (D:12)
  The ghost of OlManJenkins the Magician, a journeyman DgIE (D:10)
  A merfolk avatar (Shoals:2)
  3 hydras
  An anaconda (Lair:3)
  2 boulder beetles
  A merfolk aquamancer (Shoals:2)
  A two-headed ogre (D:12)
  15 death yaks
  Nergalle (Lair:1)
  3 skysharks
  6 slime creatures
  Pikel (D:7)
  A swamp dragon (Lair:5)
  2 lindwurms
  6 harpies
  A cyclops (D:12)
  A necromancer (IceCv)
  3 ugly things
  A faun (Shoals:1)
  6 manticores
  The ghost of occam the Mimic, a novice OpSh of Uskayaw (D:6)
  11 elephants
  3 merfolk sirens
  An ice statue (IceCv)
  A gargoyle (D:12)
  3 torpor snails
  2 water nymphs
  6 black mambas
  12 cane toads
  An unseen horror (D:12)
  9 komodo dragons
  3 rime drakes
  A rime drake (shapeshifter) (D:9)
  A freezing wraith (IceCv)
  2 anaconda simulacra (IceCv)
  5 merfolk
  14 ice devils (IceCv)
  2 polar bears
  7 trolls
  5 tarantellas
  2 wind drakes (Shoals:2)
  15 dream sheep
  2 snapping turtles
  12 blink frogs
  2 jumping spiders
  9 culicivoras
  3 water elementals
  3 wraiths
  2 shadows
  36 yaks
  8 wyverns
  5 redbacks
  3 basilisks
  3 death yak simulacra (IceCv)
  7 steam dragons
  A warg (Orc:1)
  Edmund (D:5)
  4 harpy simulacra (IceCv)
  An acid dragon (D:12)
  13 vampire mosquitoes
  2 hydra simulacra (IceCv)
  7 water moccasins
  10 orc warriors
  4 ice beasts
  2 sky beasts
  A black bear (Lair:3)
  The ghost of Taul the Covered, an amateur MiFi (D:3)
  21 wolves
  8 centaurs
  2 phantoms
  2 kobold brigands
  5 bullfrogs
  Blork the orc (D:4)
  A gnoll sergeant (D:12)
  4 cane toad simulacra (IceCv)
  A two-headed ogre simulacrum (IceCv)
  A scorpion (D:5)
  13 wights
  6 elephant simulacra (IceCv)
  9 killer bees
  4 howler monkeys
  2 bombardier beetles
  A bullfrog zombie (D:4)
  A hound (D:6)
  4 jellies
  5 orc priests
  Jessica (D:3)
  11 iguanas
  11 orc wizards
  A troll simulacrum (IceCv)
  3 polar bear simulacra (IceCv)
  2 wolf simulacra (IceCv)
  A hound zombie (D:4)
  A howler monkey zombie (D:4)
  9 adders
  3 gnolls (D:5)
  A river rat (D:3)
  2 white imps
  2 ufetubi (D:6)
  3 adder zombies (D:4)
  4 ribbon worms
  42 orcs
  4 bats
  6 endoplasms
  7 giant cockroaches
  9 goblins
  5 hobgoblins
  2 jackals (D:3)
  15 kobolds
  3 quokkas
  8 ball pythons
  4 frilled lizards
  A quokka zombie (D:4)
  8 rats
579 creatures vanquished.

Vanquished Creatures (collateral kills)
  Mlioglotl (Spider:1)
  Frances (Spider:1)
  An acid blob (Slime:1)
  An azure jelly (Lair:4)
  A rockslime (Slime:1)
  A spark wasp (Spider:1)
  A merfolk impaler (Shoals:2)
  A death yak (Shoals:2)
  2 boulder beetles
  2 demonic crawlers
  A skyshark (Shoals:2)
  2 sea snakes (Shoals:2)
  A steelbarb worm (Spider:1)
  3 wolf spiders (Spider:1)
  A cane toad (Lair:5)
  A rime drake (Lair:5)
  2 merfolk (Shoals:2)
  3 tarantellas (Spider:1)
  6 blink frogs
  2 snapping turtles (Shoals:2)
  3 culicivoras (Spider:1)
  A jumping spider (Spider:1)
  A hog (Spider:1)
  2 steam dragons (Lair:5)
  A cane toad simulacrum (IceCv)
  An elephant simulacrum (IceCv)
  A spriggan simulacrum (IceCv)
  A naga simulacrum (IceCv)
  An ufetubus (IceCv)
46 creatures vanquished.

Vanquished Creatures (others)
  A wolf spider zombie (Spider:1)
  A tarantella (Spider:1)
  A water elemental (Shoals:2)
  6 humans (Spider:1)
  A redback (Spider:1)
10 creatures vanquished.

Grand Total: 635 creatures vanquished

Notes
Turn   | Place    | Note
-------+----------+-------------------------------------------
     0 | D:1      | Arctor the Gnoll Shapeshifter began the quest for the Orb.
     0 | D:1      | Reached XP level 1. HP: 17/17 MP: 1/1
   132 | D:1      | Reached XP level 2. HP: 23/23 MP: 2/2
   643 | D:2      | Reached XP level 3. HP: 28/28 MP: 3/3
   788 | D:2      | Reached skill level 1 in Invocations
  1292 | D:2      | Reached skill level 1 in Short Blades
  1292 | D:2      | Reached skill level 1 in Long Blades
  1292 | D:2      | Reached skill level 1 in Axes
  1292 | D:2      | Reached skill level 1 in Maces & Flails
  1292 | D:2      | Reached skill level 1 in Polearms
  1292 | D:2      | Reached skill level 1 in Staves
  1292 | D:2      | Reached skill level 1 in Ranged Weapons
  1292 | D:2      | Reached skill level 1 in Throwing
  1292 | D:2      | Reached skill level 1 in Armour
  1292 | D:2      | Reached skill level 1 in Stealth
  1292 | D:2      | Reached skill level 1 in Shields
  1292 | D:2      | Reached skill level 1 in Spellcasting
  1292 | D:2      | Reached skill level 1 in Conjurations
  1292 | D:2      | Reached skill level 1 in Hexes
  1292 | D:2      | Reached skill level 1 in Summonings
  1292 | D:2      | Reached skill level 1 in Necromancy
  1292 | D:2      | Reached skill level 1 in Translocations
  1292 | D:2      | Reached skill level 1 in Fire Magic
  1292 | D:2      | Reached skill level 1 in Ice Magic
  1292 | D:2      | Reached skill level 1 in Air Magic
  1292 | D:2      | Reached skill level 1 in Earth Magic
  1292 | D:2      | Reached skill level 1 in Alchemy
  1292 | D:2      | Reached skill level 1 in Evocations
  1292 | D:2      | Reached XP level 4. HP: 8/34 MP: 5/5
  1292 | D:2      | HP: 2/51 [burnt (6)]
  1573 | D:3      | Noticed Jessica
  1575 | D:3      | Killed Jessica
  1628 | D:3      | Reached XP level 5. HP: 37/40 MP: 5/7
  1698 | D:3      | Learned a level 3 spell: Fugue of the Fallen
  1782 | D:3      | Found a runed translucent door.
  1782 | D:3      | Noticed Taul's ghost (amateur MiFi)
  1810 | D:3      | Killed Taul's ghost
  1811 | D:3      | Reached XP level 6. HP: 35/47 MP: 8/8
  1825 | D:3      | Found a runed translucent door.
  1946 | D:3      | Reached skill level 5 in Dodging
  2036 | D:3      | Identified a scroll of acquirement
  2036 | D:3      | Acquired the brooch of Shielding {Spirit SH+8}
  2036 | D:3      | Found the brooch of Shielding {Spirit SH+8}
  2803 | D:4      | Found a staircase to the Ecumenical Temple.
  2823 | Temple   | Entered the Ecumenical Temple
  2839 | Temple   | Became a worshipper of Makhleb the Destroyer
  2911 | D:4      | Reached skill level 7 in Unarmed Combat
  2911 | D:4      | Reached XP level 7. HP: 37/52 MP: 6/10
  3158 | D:4      | Noticed Blork the orc
  3163 | D:4      | Killed Blork the orc
  3440 | D:4      | Reached * piety under Makhleb
  3857 | D:5      | Entered Level 5 of the Dungeon
  4358 | D:5      | Noticed Edmund
  4381 | D:5      | Killed Edmund
  4382 | D:5      | Reached XP level 8. HP: 47/60 MP: 8/12
  4856 | D:5      | Identified the +10 arbalest of Sacviant {elec, ^Drain
                  | +Blink rCorr Dex-5}
  4908 | D:5      | Found a radiant altar of Vehumet.
  5420 | D:6      | Found an ancient bone altar of Kikubaaqudgha.
  5508 | D:6      | Noticed Pikel
  5522 | D:7      | Killed Pikel
  5522 | D:7      | Reached ** piety under Makhleb
  5523 | D:7      | Reached XP level 9. HP: 26/67 MP: 3/15
  5705 | D:7      | Reached skill level 5 in Fighting
  5806 | D:7      | Gained mutation: Your natural rate of healing is unusually
                  | fast. [potion of mutation]
  5806 | D:7      | Gained mutation: Your magical capacity is low. (-10% MP)
                  | [potion of mutation]
  5806 | D:7      | Gained mutation: You expend magic power (3 MP) to
                  | strengthen your wands. [potion of mutation]
  5952 | D:7      | Got Somarph's Introduction to the Lost Truths
  6098 | D:7      | Reached skill level 8 in Unarmed Combat
  6177 | D:6      | Reached skill level 5 in Invocations
  6203 | D:6      | Found a stormy altar of Qazlal.
  6228 | D:6      | Found Ganafoxuec's Antique Weapon Shop.
  6549 | D:6      | Found Jalotidd's Jewellery Emporium.
  6556 | D:6      | Bought a ring of magical power for 260 gold pieces
  6701 | D:6      | Found a runed translucent door.
  6703 | D:6      | Noticed occam's ghost (novice OpSh)
  6793 | D:6      | Noticed a manticore
  6795 | D:6      | Killed occam's ghost
  6803 | D:6      | Killed a manticore
  6804 | D:6      | Reached skill level 5 in Short Blades
  6804 | D:6      | Reached skill level 5 in Long Blades
  6804 | D:6      | Reached skill level 5 in Axes
  6804 | D:6      | Reached skill level 5 in Maces & Flails
  6804 | D:6      | Reached skill level 5 in Polearms
  6804 | D:6      | Reached skill level 5 in Staves
  6804 | D:6      | Reached skill level 5 in Ranged Weapons
  6804 | D:6      | Reached skill level 5 in Throwing
  6804 | D:6      | Reached skill level 5 in Armour
  6804 | D:6      | Reached skill level 5 in Stealth
  6804 | D:6      | Reached skill level 5 in Shields
  6804 | D:6      | Reached skill level 5 in Spellcasting
  6804 | D:6      | Reached skill level 5 in Evocations
  6804 | D:6      | Reached XP level 10. HP: 67/76 MP: 14/15
  7092 | D:8      | Found a staircase to the Lair.
  7170 | D:8      | You fall into a shaft and drop 3 floors!
  7195 | D:10     | Entered Level 10 of the Dungeon
  7260 | D:10     | Found an opulent altar of Gozag.
  7289 | D:10     | Reached *** piety under Makhleb
  7362 | D:10     | Found a runed translucent gate.
  7362 | D:10     | Found a runed translucent gate.
  7362 | D:10     | Found a runed translucent gate.
  7366 | D:10     | Noticed OlManJenkins's ghost (journeyman DgIE)
  7372 | D:10     | Found Imenk's Assorted Antiques.
  7565 | D:10     | Identified the +2 chain mail of Too Many Cooks {Will+
                  | Str+5}
  7734 | D:10     | Found a glowing silver altar of Zin.
  7779 | D:10     | Reached skill level 9 in Unarmed Combat
  7842 | D:10     | Reached skill level 5 in Conjurations
  7842 | D:10     | Reached skill level 5 in Hexes
  7842 | D:10     | Reached skill level 5 in Summonings
  7842 | D:10     | Reached skill level 5 in Necromancy
  7842 | D:10     | Reached skill level 5 in Translocations
  7842 | D:10     | Reached skill level 5 in Fire Magic
  7842 | D:10     | Reached skill level 5 in Ice Magic
  7842 | D:10     | Reached skill level 5 in Air Magic
  7842 | D:10     | Reached skill level 5 in Earth Magic
  7842 | D:10     | Reached skill level 5 in Alchemy
  7842 | D:10     | Reached XP level 11. HP: 62/83 MP: 15/18
  8021 | D:10     | Killed OlManJenkins's ghost
  8249 | D:9      | Found an iron altar of Okawaru.
  8249 | D:9      | Found a hazy altar of Hepliaklqana.
  8257 | D:9      | Found an ornate altar of the Wu Jian Council.
  8259 | D:9      | Found a faded altar of an unknown god.
  8261 | D:9      | Found a white marble altar of Elyvilon.
  8914 | D:9      | Noticed a purple ugly thing
  8923 | D:9      | Killed a purple ugly thing
  9163 | D:11     | Reached **** piety under Makhleb
  9267 | D:11     | Noticed a boulder beetle
  9277 | D:11     | Killed a boulder beetle
  9525 | D:11     | Noticed a manticore
  9531 | D:11     | Killed a manticore
  9845 | D:12     | Noticed Jorgrun
  9856 | D:12     | Killed Jorgrun
  9857 | D:12     | Reached XP level 12. HP: 76/92 MP: 18/20
  9863 | D:12     | Learned a level 3 spell: Vampiric Draining
 10085 | D:12     | Noticed Erolcha
 10090 | D:12     | Killed Erolcha
 10114 | D:12     | Found a frozen archway.
 10141 | IceCv    | Entered an ice cave
 10469 | IceCv    | Reached skill level 10 in Unarmed Combat
 10644 | IceCv    | Found an ancient bone altar of Kikubaaqudgha.
 11059 | IceCv    | Learned a level 1 spell: Summon Small Mammal
 11548 | D:12     | Noticed a boulder beetle
 11594 | D:12     | Reached XP level 13. HP: 99/99 MP: 22/22
 11598 | D:12     | Reached skill level 10 in Shapeshifting
 11781 | Lair:1   | Entered Level 1 of the Lair of Beasts
 12354 | Lair:1   | Noticed Nergalle
 12366 | Lair:1   | Killed Nergalle
 12401 | Lair:1   | Reached ***** piety under Makhleb
 12583 | Lair:2   | Noticed NebNova's ghost (journeyman HOFi)
 12583 | Lair:2   | Found a runed translucent door.
 13100 | Lair:2   | Reached skill level 10 in Dodging
 13100 | Lair:2   | Reached skill level 11 in Unarmed Combat
 13219 | Lair:2   | Identified the +6 falchion "Impslayer" {drain, rN+ rCorr}
 13247 | Lair:2   | Found a hole to the Spider Nest.
 13349 | Spider:1 | Entered Level 1 of the Spider Nest
 13519 | Lair:2   | Killed NebNova's ghost
 14076 | Lair:3   | Reached XP level 14. HP: 108/108 MP: 24/24
 14086 | Lair:3   | Reached skill level 10 in Invocations
 14098 | Lair:3   | Found a staircase to the Shoals.
 14290 | Lair:3   | Found a runed translucent gate.
 14290 | Lair:3   | Found a runed translucent gate.
 14345 | Lair:3   | Found a runed translucent gate.
 14346 | Lair:3   | Noticed occam's ghost (journeyman MfGl)
 14536 | Shoals:1 | Entered Level 1 of the Shoals
 14767 | Shoals:1 | Found Dywkek's Distillery.
 15191 | Lair:3   | Identified the +2 falchion "Spiderslayer" {holy, *Rage rC+
                  | rN+}
 15239 | Lair:3   | Reached skill level 10 in Fighting
 15532 | Lair:3   | Killed occam's ghost
 16252 | Lair:4   | Found a viscous altar of Jiyva.
 16253 | Lair:4   | Found a staircase to the Slime Pits.
 16582 | Lair:5   | Entered Level 5 of the Lair of Beasts
 16726 | Lair:4   | Reached skill level 10 in Short Blades
 16726 | Lair:4   | Reached skill level 10 in Long Blades
 16726 | Lair:4   | Reached skill level 10 in Axes
 16726 | Lair:4   | Reached skill level 10 in Maces & Flails
 16726 | Lair:4   | Reached skill level 10 in Polearms
 16726 | Lair:4   | Reached skill level 10 in Staves
 16726 | Lair:4   | Reached skill level 10 in Ranged Weapons
 16726 | Lair:4   | Reached skill level 10 in Throwing
 16726 | Lair:4   | Reached skill level 10 in Armour
 16726 | Lair:4   | Reached skill level 10 in Stealth
 16726 | Lair:4   | Reached skill level 10 in Shields
 16726 | Lair:4   | Reached skill level 10 in Spellcasting
 16726 | Lair:4   | Reached skill level 10 in Evocations
 16825 | Lair:4   | Reached XP level 15. HP: 90/117 MP: 20/26
 16900 | Lair:4   | Reached skill level 12 in Unarmed Combat
 18258 | Lair:5   | Learned a level 4 spell: Anguish
 18261 | Lair:5   | Learned a level 2 spell: Ensorcelled Hibernation
 18266 | Lair:5   | Learned a level 4 spell: Martyr's Knell
 18271 | Lair:5   | Learned a level 4 spell: Animate Dead
 18273 | Lair:5   | Learned a level 1 spell: Necrotise
 18334 | Slime:1  | Entered Level 1 of the Pits of Slime
 18334 | Slime:1  | Noticed an acid blob
 18338 | Slime:1  | Noticed an azure jelly
 18346 | Lair:4   | Killed an acid blob
 18470 | Lair:4   | Killed an azure jelly
 18601 | Slime:1  | Noticed an acid blob
 18604 | Slime:1  | Noticed a rockslime
 18722 | Spider:1 | Noticed Frances
 18731 | Spider:1 | Killed Frances
 18776 | Spider:1 | Noticed Kirke
 18781 | Spider:1 | Killed Kirke
 18850 | Spider:1 | Noticed Mlioglotl
 18858 | Spider:1 | Killed Mlioglotl
 19102 | Slime:1  | Killed an acid blob
 19104 | Slime:1  | Killed a rockslime
 19270 | Slime:1  | Noticed an acid blob
 19277 | Slime:1  | Killed an acid blob
 19316 | Slime:1  | Noticed an azure jelly
 19321 | Slime:1  | Noticed an azure jelly
 19335 | Slime:1  | Gained mutation: You are dopey. (Int -2) [a shining eye]
 19336 | Slime:1  | Noticed an acid blob
 19343 | Slime:1  | Killed an azure jelly
 19372 | Lair:4   | HP: 1/119 [azure jelly (6)]
 19377 | Lair:4   | Killed an azure jelly
 19378 | Lair:4   | Reached XP level 16. HP: 6/125 MP: 2/27
 19679 | Lair:4   | Killed an acid blob
 20230 | Shoals:2 | Identified the +1 robe of the Distant Future {rPois rF+++
                  | Int-5 SInv}
 20243 | Shoals:2 | Learned a level 5 spell: Curse of Agony
 20249 | Shoals:2 | Learned a level 5 spell: Borgnjor's Vile Clutch
 20505 | Shoals:2 | Found Pozig's Antique Armour Emporium.
 20921 | D:10     | Bought a phantom mirror for 1280 gold pieces
 21075 | Spider:1 | Gained mutation: Your spells are a little harder to cast,
                  | but a little more powerful. [a cacodemon]
 21835 | Shoals:3 | Noticed Polyphemus
 22609 | D:12     | Found a staircase to the Orcish Mines.
 22895 | Orc:1    | Entered Level 1 of the Orcish Mines
 22932 | Orc:1    | Reached skill level 13 in Unarmed Combat
 23125 | Spider:1 | HP: 6/126 [poisoned by a redback]
 23125 | Spider:1 | HP: 1/126 [culicivora[a torpor snail] (5)]
 23126 | Spider:1 | Lost mutation: Your spells are a little harder to cast, but
                  | a little more powerful. [potion of mutation]
 23126 | Spider:1 | Lost mutation: Your magical capacity is low. (-10% MP)
                  | [potion of mutation]
 23126 | Spider:1 | Lost mutation: You are dopey. (Int -2) [potion of mutation]
 23126 | Spider:1 | Gained mutation: You are vulnerable to heat. (rF-) [potion
                  | of mutation]
 23126 | Spider:1 | Gained mutation: Your spells are a little easier to cast,
                  | but a little less powerful. [potion of mutation]
 23126 | Spider:1 | Succumbed to a redback's poison

Illustrated notes

Levels and vault maps discovered:
D:1:      beargit_arrival_greenhouse, layout_loops_ring
D:2:      layout_loops_corners, minivault_11
D:3:      cheibrodos_pilgrimage, layout_loops_corners, ebering_ghost_sewer_f,
          minmay_goblin_outpost, uniq_jessica
D:4:      layout_gridville, minmay_temple_entry_glass, serial_undead,
          serial_undead_f, serial_undead_e, serial_undead_c, serial_undead_b,
          uniq_blork_the_orc
D:5:      layout_gridville, lemuel_coloured_pillars_altar, serial_rivers,
          chequers_serial_rivers_micro_b, chequers_serial_rivers_small_3,
          chequers_serial_rivers_micro_a, chequers_serial_rivers_micro_b,
          chequers_serial_rivers_micro_c, chequers_serial_rivers_room_a,
          uniq_edmund
D:6:      layout_loops_ring, grunt_qazlal_sundering, overflow_temple_1_default,
          ebering_ghost_inner_flame, serial_shops, nicolae_inconvenience_store,
          shop, uniq_pikel
D:7:      layout_basic, nicolae_the_louvre
D:8:      layout_basic, dpeg_oklobed_lair
D:9:      minmay_the_grid_3x2 [minmay_the_grid_odd_star, minmay_the_grid_eight,
          minmay_the_grid_box_x, minmay_the_grid_aliased_spiral,
          minmay_the_grid_minigrid_large, minmay_the_grid_prize_big_room],
          layout_stronghold, chequers_temple_overflow_minitemple,
          gammafunk_temple_overflow_statue
D:10:     layout_basic, amcnicky_altar_gilded, zin_academy, serial_shops, shop,
          gammafunk_ghost_split
D:11:     layout_basic, chequers_decorated_corner
D:12:     layout_loops_ring, orc_0_dummy, serial_glass, glass_columns_c,
          glass_columns_a, glass_columns_b, glass_columns_b,
          portal_ice_cave_entry_pillars_2, chequers_serial_rivers_micro_c,
          kennysheep_kite_vault, uniq_jorgrun, uniq_erolcha
Temple:   jpeg_temple_clearing
Lair:1:   dreamdust_cave_troll, layout_cave_shapes, lemuel_fruit_fields,
          uniq_nergalle
Lair:2:   layout_regular_city, spider_nest_entry_funnel_web,
          hellmonk_ghost_happy_afterlife
Lair:3:   nzn_winding_woodlands_small [nzn_winding_woodlands_5x15_sidewinder,
          nzn_winding_woodlands_center_pierced_h,
          nzn_winding_woodlands_5x15_pathside_ponds], layout_long_grid,
          minmay_shoals_entry_centaurs, ebering_ghost_rock_garden
Lair:4:   layout_misc_corridors, minmay_slime_entry_pillars
Lair:5:   guppyfry_lair_end_dragon, layout_hall_layers
Shoals:1: layout_shoals, serial_shops, nicolae_shop_trees
Shoals:2: layout_shoals, serial_shops, shop_fountains
Shoals:3: layout_shoals, nicolae_shop_firing_range, uniq_polyphemus
Spider:1: layout_spider_delve, uniq_asterion, uniq_mlioglotl, uniq_frances,
          uniq_kirke
Slime:1:  layout_caves
Orc:1:    layout_caves

Skill      XL: |  1  2  3  4  5  6  7  8  9 10 11 12 13 14 15 16 |
---------------+-------------------------------------------------+-----
Invocations    | 1 2 3 4 5 6 7 8 9 10 11 12 | 12.3
Short Blades   | 1 2 3 4 5 6 7 8 9 10 11 | 11.3
Long Blades    | 1 2 3 4 5 6 7 8 9 10 11 | 11.3
Axes           | 1 2 3 4 5 6 7 8 9 10 11 | 11.3
Maces & Flails | 1 2 3 4 5 6 7 8 9 10 11 | 11.3
Polearms       | 1 2 3 4 5 6 7 8 9 10 11 | 11.3
Staves         | 1 2 3 4 5 6 7 8 9 10 11 | 11.3
Ranged Weapons | 1 2 3 4 5 6 7 8 9 10 11 | 11.3
Throwing       | 1 2 3 4 5 6 7 8 9 10 11 | 11.3
Armour         | 1 2 3 4 5 6 7 8 9 10 11 | 11.3
Stealth        | 1 2 3 4 5 6 7 8 9 10 11 | 11.3
Shields        | 1 2 3 4 5 6 7 8 9 10 11 | 11.3
Spellcasting   | 1 2 3 4 5 6 7 8 9 10 11 | 11.3
Conjurations   | 1 2 3 4 5 6 7 8 9 |  9.5
Hexes          | 1 2 3 4 5 6 7 8 9 |  9.5
Summonings     | 1 2 3 4 5 6 7 8 9 |  9.5
Necromancy     | 1 2 3 4 5 6 7 8 9 |  9.5
Translocations | 1 2 3 4 5 6 7 8 9 |  9.5
Fire Magic     | 1 2 3 4 5 6 7 8 9 |  9.5
Ice Magic      | 1 2 3 4 5 6 7 8 9 |  9.5
Air Magic      | 1 2 3 4 5 6 7 8 9 |  9.5
Earth Magic    | 1 2 3 4 5 6 7 8 9 |  9.5
Alchemy        | 1 2 3 4 5 6 7 8 9 |  9.5
Evocations     | 1 2 3 4 5 6 7 8 9 10 11 | 11.3
Fighting       | 3 4 5 6 7 8 9 10 11 | 11.6
Dodging        | 5 6 7 8 9 10 11 12 | 12.2
Unarmed Combat | 7 8 9 10 11 12 13 | 13.0
Shapeshifting  | 7 8 9 10 11 12 | 12.2

Action                     |  1- 3 |  4- 6 |  7- 9 | 10-12 | 13-15 | 16-18 || total
---------------------------+-------+-------+-------+-------+-------+-------++-------
  Melee: Unarmed           |    62 |   141 |   185 |       |       |       ||   388
         Bite              |     3 |    14 |    10 |       |       |       ||    27
         Punch             |     2 |     1 |       |       |       |       ||     3
         Arbalest          |       |       |       |       |     1 |       ||     1
   Fire: Arbalest          |       |       |    94 |   469 |   873 |   239 ||  1675
   Cast: Vampiric Draining |       |       |       |     2 |       |       ||     2
         Summon Small Mamm |       |       |       |     1 |     4 |    12 ||    17
         Fugue of the Fall |       |       |       |       |     3 |     7 ||    10
         Animate Dead      |       |       |       |       |     3 |     6 ||     9
         Necrotise         |       |       |       |       |     3 |     5 ||     8
         Martyr's Knell    |       |       |       |       |     2 |     7 ||     9
         Borgnjor's Vile C |       |       |       |       |       |     3 ||     3
         Anguish           |       |       |       |       |       |     2 ||     2
 Invoke: Minor Destruction |       |       |       |     1 |     1 |       ||     2
         Major Destruction |       |       |       |     5 |    11 |     1 ||    17
         Lesser Servant of |       |       |       |     4 |     4 |     6 ||    14
         Greater Servant o |       |       |       |       |     6 |     5 ||    11
Ability: Evoke Blink       |       |       |       |     8 |    45 |    34 ||    87
  Evoke: Wand              |       |       |       |    12 |     6 |       ||    18
         Lightning rod     |       |       |       |       |    19 |     2 ||    21
         Phial of floods   |       |       |       |       |     3 |     1 ||     4
         Tin of tremorston |       |       |       |       |     3 |       ||     3
         Phantom mirror    |       |       |       |       |       |     1 ||     1
    Use: Potion            |     1 |     3 |     2 |     8 |     9 |     4 ||    27
         Scroll            |       |     8 |     6 |     7 |     6 |     1 ||    28
   Stab: Sleeping          |     1 |       |     1 |       |       |       ||     2
         Distracted        |       |       |     1 |       |       |       ||     1
 Armour: Animal skin       |     6 |       |       |       |       |       ||     6
         Plate armour      |    25 |    21 |   120 |       |       |       ||   166
         Skin              |     1 |    27 |    55 |       |       |       ||    83
         Chain mail        |       |       |       |   564 |  1208 |   329 ||  2101
  Dodge: Dodged            |    21 |    93 |   147 |   300 |   752 |   190 ||  1503
  Block: Other             |       |    21 |    94 |   176 |   383 |   110 ||   784
   Form: Flux              |       |     1 |       |       |       |       ||     1
                           |       |       |     1 |       |       |       ||     1
